 Dungeon Crawl Stone Soup version 0.30.0-5-g1a98f26d00 (webtiles) character file.

Game seed: 11907770890048998189

2752 Edyrem the Fighter (level 9, 0/89 HPs)
             Began as a Minotaur Fighter on May 10, 2023.
             Was a Follower of Zin.
             Slain by a gargoyle
             ... wielding a +0 flail
              (15 damage)
             ... on level 8 of the Dungeon.
             The game lasted 00:12:24 (6668 turns).

Edyrem the Fighter (Minotaur Fighter)               Turns: 6668, Time: 00:12:24

Health: 0/89       AC: 12    Str: 26    XL:     9   Next: 41%
Magic:  8/8        EV:  6    Int:  5    God:    Zin [*.....]
Gold:   203        SH:  5    Dex: 17    Spells: 8/8 levels left

rFire   . . .        a - +3 hand axe of Precise Incision {freeze, rN+ Str+2}
rCold   . . .        c - +0 buckler
rNeg    + . .        H - +0 plate armour
rPois   .            (helmet restricted)
rElec   .            (no cloak)
rCorr   .            (no gloves)
SInv    +            t - +0 pair of boots
Will    .....        (no amulet) Stlth
                     J - +6 ring of dexterity
HPRegen 0.34/turn    l - ring of see invisible
MPRegen 0.11/turn

%: no passive effects
@: no status effects
A: horns 2, retaliatory headbutt
a: Renounce Religion, Recite, Donate Gold


You were on level 8 of the Dungeon.
You worshipped Zin.
Zin was aware of your devotion.
You visited 1 branch of the dungeon, and saw 8 of its levels.
You also visited: Ossuary.

You collected 420 gold pieces.
You spent 195 gold pieces at shops.
You donated 22 gold pieces to Zin.

Inventory:

Hand Weapons
 a - the +3 hand axe of Precise Incision (weapon) {freeze, rN+ Str+2}
   (You found it on level 5 of the Dungeon)

   Str:       It affects your strength (+2).
   rN:        It protects you from negative energy.
 m - a +2 hand axe of electrocution
 B - a +0 war axe of flaming
 D - a +1 flail of protection
 F - the +5 short sword "Transmigrator" {heavy, rF+ Str+3 Int+3}
   (You took it off an orc on level 6 of the Dungeon)

   Str:       It affects your strength (+3).
   Int:       It affects your intelligence (+3).
   rF:        It protects you from fire.
Missiles
 o - 2 throwing nets
 v - 10 poisoned darts (quivered)
 G - 8 boomerangs
Armour
 c - a +0 buckler (worn)
 t - a +0 pair of boots (worn)
 H - a +0 plate armour (worn)
Jewellery
 l - a ring of see invisible (right hand)
 q - a ring of protection from fire
 J - a +6 ring of dexterity (left hand)
Wands
 r - a wand of paralysis (20)
Scrolls
 e - 4 scrolls of teleportation {unknown}
 f - a scroll of fear {unknown}
 g - a scroll of magic mapping {unknown}
 h - 7 scrolls of identify {unknown}
 k - a scroll of immolation {unknown}
 n - 4 scrolls of noise {unknown}
 u - a scroll of enchant weapon {unknown}
 y - a scroll of summoning {unknown}
 C - a scroll of vulnerability {unknown}
Potions
 b - a potion of berserk rage {unknown}
 d - 2 potions of might
 i - a potion of resistance {unknown}
 j - 2 potions of magic {unknown}
 p - a potion of brilliance {unknown}
 s - 3 potions of flight {unknown}
 w - a potion of degeneration {unknown}
 x - 3 potions of curing {@q2}
 z - 4 potions of haste {unknown}
 A - a potion of lignification {unknown}
 E - a potion of heal wounds {unknown}
 I - a potion of attraction {unknown}


   Skills:
 + Level 11.5 Fighting
 + Level 11.2 Axes
 - Level 3.6 Armour
 - Level 3.7 Shields


You had 8 spell levels left.
You didn't know any spells.
Your spell library contained the following spells:

 Spells                   Type           Power      Damage    Failure   Level
 Apportation              Tloc           0%         N/A       100%        1
 Magic Dart               Conj           0%         1d3       100%        1
 Necrotise                Necr           0%         1d4       100%        1
 Summon Small Mammal      Summ           0%         N/A       100%        1
 Blink                    Tloc           0%         N/A       100%        2
 Call Imp                 Summ           0%         N/A       100%        2
 Lesser Beckoning         Tloc           0%         N/A       100%        2
 Momentum Strike          Conj/Tloc      0%         3d8       100%        2
 Gell's Gravitas          Tloc           0%         N/A       100%        3
 Mephitic Cloud           Conj/Pois/Air  0%         N/A       100%        3
 Teleport Other           Tloc           0%         N/A       100%        3
 Dispersal                Tloc           0%         N/A       100%        6


Dungeon Overview and Level Annotations

Branches:
Dungeon (8/15)             Temple (0/1) D:6         Ossuary (visited)
   Lair: D:8-11

Altars:
Cheibriados
Hepliaklqana
Ru
Zin

Shops:
D:5 *   D:7 =


Innate Abilities, Weirdness & Mutations

You have a pair of horns on your head.
You reflexively headbutt those who attack you in melee.


Message History

A gargoyle comes into view. It is wielding a +0 flail.
Found a pair of boots.
You see here 11 gold pieces.
You pay a tithe of 1 gold.
You now have 203 gold pieces (gained 10).
The gargoyle hurls a stone arrow at you.
The stone arrow hits you!
The gargoyle hurls a stone arrow at you.
The stone arrow hits you.
The gargoyle hurls a stone arrow at you.
The stone arrow hits you! The gargoyle hits you with a +0 flail!
You hit the gargoyle. You freeze the gargoyle.
You headbutt the gargoyle, but do no damage.
The gargoyle is lightly damaged.
You hit the gargoyle. You freeze the gargoyle.
The gargoyle is moderately damaged.
You block the gargoyle's attack.
You hit the gargoyle but do no damage.
The gargoyle is moderately damaged.
The gargoyle hurls a stone arrow at you.
The stone arrow hits you!
You hit the gargoyle but do no damage.
The gargoyle is moderately damaged.
You block the gargoyle's attack.
You hit the gargoyle. You freeze the gargoyle.
The gargoyle is moderately damaged.
You hit the gargoyle but do no damage.
You headbutt the gargoyle, but do no damage.
The gargoyle is moderately damaged.
The gargoyle hits you with a +0 flail.
You hit the gargoyle but do no damage.
The gargoyle is moderately damaged.
The gargoyle hurls a stone arrow at you.
The stone arrow hits you!!
* * * LOW HITPOINT WARNING * * *
You hit the gargoyle. You freeze the gargoyle.
The gargoyle is heavily damaged.
The gargoyle hits you with a +0 flail!
You die...

#. ### #. #.. #. #.#
######. #.# #......
#.# #....[. #.# #
#......###.######.####
+......9@............
#......###.#......#.#
#...... #.#.######.#
######.###..........#
#.......#####.##
#############.######
#...........#
#.####.####.#
#.......# #


You could see a gargoyle.

Vanquished Creatures
  A hornet (D:7)
  3 orc warriors
  A sky beast (D:7)
  An ice beast (D:7)
  2 centaurs
  2 elf zombies (Ossuary)
  3 bullfrogs
  3 scorpions
  5 killer bees (D:8)
  3 hounds
  3 jellies (D:4)
  A gnoll bouda (D:6)
  4 orc priests
  2 sleepcaps
  5 iguanas
  8 orc wizards
  4 hound zombies (Ossuary)
  3 mummies (Ossuary)
  13 gnolls
  9 adders
  A white imp (D:7)
  2 ufetubi
  4 adder zombies (Ossuary)
  2 worms (D:2)
  5 dart slugs
  29 orcs
  6 endoplasms
  5 giant cockroaches
  3 goblins
  2 hobgoblins
  2 jackals (D:3)
  3 ball pythons
  2 bats
  2 frilled lizards
  2 goblin zombies (Ossuary)
  4 hobgoblin zombies (Ossuary)
  4 jackal zombies (Ossuary)
  8 kobolds
  6 kobold zombies (Ossuary)
  3 orc zombies (Ossuary)
  2 quokka zombies (Ossuary)
  7 rats
  2 rat zombies (Ossuary)
182 creatures vanquished.

Notes
Turn   | Place    | Note
-------+----------+-------------------------------------------
     0 | D:1      | Edyrem the Minotaur Fighter began the quest for the Orb.
     0 | D:1      | Reached XP level 1. HP: 19/19 MP: 0/0
   196 | D:1      | Reached XP level 2. HP: 27/27 MP: 1/1
   825 | D:2      | Reached XP level 3. HP: 34/34 MP: 2/2
  1575 | D:3      | You fall into a shaft and drop 3 floors!
  1588 | D:6      | Noticed a centaur
  1599 | D:5      | Entered Level 5 of the Dungeon
  1599 | D:5      | Noticed a scorpion
  1611 | D:5      | Killed a scorpion
  1612 | D:5      | Reached skill level 5 in Fighting
  1612 | D:5      | Reached XP level 4. HP: 11/42 MP: 3/3
  1716 | D:5      | Reached XP level 5. HP: 48/48 MP: 4/4
  1756 | D:5      | Reached skill level 5 in Axes
  1824 | D:5      | Identified the +3 hand axe of Precise Incision {freeze, rN+
                  | Str+2}
  1875 | D:4      | Found a sand-covered staircase.
  1884 | Ossuary  | Entered an ossuary
  1933 | Ossuary  | Reached XP level 6. HP: 58/58 MP: 5/5
  2265 | D:3      | Found a faded altar of an unknown god.
  2419 | D:3      | Reached XP level 7. HP: 47/66 MP: 6/6
  3287 | D:5      | Found Ybomi Cua's Overcharged Wands.
  4066 | D:6      | Identified the +5 short sword "Transmigrator" {heavy, rF+
                  | Str+3 Int+3}
  4068 | D:6      | Reached XP level 8. HP: 73/75 MP: 7/7
  4502 | D:6      | Found a snail-covered altar of Cheibriados.
  4823 | D:6      | Found a staircase to the Ecumenical Temple.
  4879 | D:7      | Reached skill level 10 in Fighting
  5167 | D:7      | Found Opagh's Jewellery Emporium.
  5175 | D:7      | Bought a ring of see invisible for 195 gold pieces
  5341 | D:7      | Noticed a hornet
  5346 | D:7      | Killed a hornet
  5347 | D:7      | Reached skill level 10 in Axes
  5347 | D:7      | Reached XP level 9. HP: 79/86 MP: 8/8
  5539 | D:7      | Found a glowing silver altar of Zin.
  5540 | D:7      | Found a hazy altar of Hepliaklqana.
  6058 | D:7      | Became a worshipper of Zin the Law-Giver
  6058 | D:7      | Reached * piety under Zin
  6574 | D:8      | Found a sacrificial altar of Ru.
  6652 | D:8      | Noticed a gargoyle
  6668 | D:8      | Slain by a gargoyle

Illustrated notes

Levels and vault maps discovered:
D:1:      onia_arrival_pyramid, layout_loops_ring
D:2:      layout_rooms
D:3:      layout_loops_ring, dreamdust_ecumenical_altar_statues
D:4:      layout_basic, nicolae_ossuary_entry_plus
D:5:      layout_cave_pools, nicolae_shop_overcharged_wands
D:6:      layout_loops_ring, lemuel_coloured_pillars_altar,
          minmay_temple_entry_from_below_a, dreamdust_gnoll_farm
D:7:      layout_layer_cave, nicolae_overflow_squiral, serial_shops,
          nicolae_shop_statue_plus
D:8:      layout_basic, nicolae_ru_sacrificial_ziggurat

Skill      XL: |  1  2  3  4  5  6  7  8  9 |
---------------+----------------------------+-----
Fighting       | 4 5 6 7 8 10 11 | 11.5
Axes           | 3 4 5 6 8 10 11 | 11.2
Armour         | |  3.6
Shields        | |  3.7

Action                     |  1- 3 |  4- 6 |  7- 9 || total
---------------------------+-------+-------+-------++-------
  Melee: War axe           |    76 |     6 |       ||    82
         Headbutt          |    12 |    26 |    41 ||    79
         Hand axe          |       |   124 |   254 ||   378
    Use: Potion            |     1 |     1 |       ||     2
 Armour: Scale mail        |    26 |    47 |    11 ||    84
         Chain mail        |       |       |    32 ||    32
         Plate armour      |       |       |    55 ||    55
  Dodge: Dodged            |    33 |    43 |    73 ||   149
  Block: Buckler           |    17 |    13 |    37 ||    67
